 Seeded DCSS version 0.29.1-13-g9f3cf754e1 (webtiles) character file.

Game seed: 20230120 (custom seed)

16373 stormannn the Basher (level 12, -5/78 HPs)
             Began as a Gargoyle Fighter on Jan 20, 2023.
             Was a High Priest of Okawaru.
             Killed by an exploding ogre (34 damage)
             ... ignited by their inner flame
             ... on level 1 of the Orcish Mines.
             The game lasted 00:45:03 (18054 turns).

stormannn the Basher (Gargoyle Fighter)            Turns: 18054, Time: 00:45:03

Health: -5/78      AC: 36    Str: 25    XL:     12   Next: 36%
Magic:  18/18      EV:  5    Int:  9    God:    Okawaru [*****.]
Gold:   1187       SH:  0    Dex: 12    Spells: 11/11 levels left

rFire   . . .      SeeInvis .   G - +1 great mace
rCold   . . .      Faith    .   (shield currently unavailable)
rNeg    + . .      Spirit   .   M - +1 crystal plate armour
rPois   ∞          Reflect  .   v - +0 helmet
rElec   +          Harm     .   y - +0 cloak
rCorr   .          Rampage  .   (no gloves)
Will    .....                   (no boots)
Stlth   ..........              (no amulet)
HPRegen 0.23/turn               E - ring of the Distant Future {Fly Dex+3}
MPRegen 0.16/turn               Q - +4 ring of protection

@: flying
A: sickness immunity, AC +8, negative energy resistance 1, electricity
resistance, torment resistance 1, petrification resistance
a: Renounce Religion, Heroism, Finesse, Duel


You were on level 1 of the Orcish Mines.
You worshipped Okawaru.
Okawaru was extremely pleased with you.
You visited 3 branches of the dungeon, and saw 14 of its levels.
You also visited: Ossuary.

You collected 1187 gold pieces.

Inventory:

Hand Weapons
 p - a +0 whip of venom
 u - a +5 battleaxe
 G - a +1 great mace (weapon)
 N - a +0 dire flail
Missiles
 f - 3 throwing nets
 q - 7 javelins
 s - 44 poisoned darts (quivered)
 C - 3 curare-tipped darts
 H - 6 boomerangs of dispersal
Armour
 c - a +0 buckler
 v - a +0 helmet (worn)
 w - +1 acid dragon scales
 y - a +0 cloak (worn)
 J - a +2 plate armour of willpower
 M - a +1 crystal plate armour (worn)
Jewellery
 d - a ring of ice
 i - a ring of protection from cold
 E - the ring of the Distant Future (left hand) {Fly Dex+3}
   (You acquired it on level 11 of the Dungeon)

   [ring of flight]

   Dex:       It affects your dexterity (+3).
   Fly:       It grants you flight.
 Q - a +4 ring of protection (right hand)
Wands
 b - a wand of paralysis (6)
 e - a wand of flame (61)
 t - a wand of roots (6)
 I - a wand of quicksilver (5)
 O - a wand of mindburst (5)
Scrolls
 k - 7 scrolls of identify
 n - 3 scrolls of amnesia
 o - 8 scrolls of teleportation
 F - 2 scrolls of magic mapping
 K - a scroll of blinking
Potions
 a - 3 potions of lignification
 g - 2 potions of might
 h - a potion of cancellation
 j - 4 potions of mutation
 l - a potion of haste
 m - 2 potions of heal wounds
 r - 2 potions of curing
 x - 2 potions of flight
 z - a potion of berserk rage
 A - 3 potions of ambrosia
 B - a potion of magic
 D - 3 potions of brilliance
 L - a potion of attraction


   Skills:
 + Level 10.5 Fighting
 * Level 13.1 Maces & Flails
 + Level 9.0 Armour
 - Level 7.5 Shields
 - Level 8.0 Invocations


You had 11 spell levels left.
You didn't know any spells.
Your spell library contained the following spells:

 Spells                   Type           Power      Damage    Failure   Level
 Foxfire                  Conj/Fire      0%         2x1d4     100%        1
 Conjure Flame            Conj/Fire      0%         6-21      100%        3
 Inner Flame              Hex/Fire       0%         N/A       100%        3
 Flame Wave               Conj/Fire      0%         2d4       100%        4
 Passage of Golubria      Tloc           0%         N/A       100%        4
 Alistair's Intoxication  Tmut/Pois      0%         N/A       100%        5
 Borgnjor's Vile Clutch   Necr/Erth      0%         N/A       100%        5
 Silence                  Hex/Air        0%         N/A       100%        5
 Eringya's Noxious Bog    Tmut/Pois      0%         N/A       100%        6
 Lehudib's Crystal Spear  Conj/Erth      0%         10d2      100%        8


Dungeon Overview and Level Annotations

Branches:
Dungeon (11/15)            Temple (0/1) D:5            Lair (1/5) D:9
    Orc (2/2) D:11        Ossuary (visited)
    Elf: Orc:2

Altars:
Ashenzari
Dithmenos
Elyvilon
Makhleb
Nemelex Xobeh
Okawaru
Yredelemnul
Zin

Shops:
D:6 *

Annotations:
D:7 1 runed translucent door, Midpoint's ghost, novice OpAE
D:8 2 transporters, 1 runed translucent door, exclusion: ice statue, hawla's ghost, novice MeIE
Orc:2 1 transporter, Saint Roka


Innate Abilities, Weirdness & Mutations

You are immune to sickness and miasma.
Your stone body is resilient. (AC +8)
You are immune to poison.
You resist negative energy. (rN+)
You are resistant to electric shocks. (rElec)
You are resistant to unholy torment.
You are immune to petrification.


Message History

Really read the scroll of immolation?
As you read the scroll of immolation, it crumbles to dust.
The creatures around you are filled with an inner flame!
An orc comes into view. It is wielding a +0 hand axe.
Saint Roka invokes the aid of Beogh against you.
Beogh smites you!
You hear a shout!
An orc warrior comes into view. It is wielding a +0 dire flail.
The orc shouts!
The orc priest looks braver for a moment.
An orc priest comes into view. It is wielding a +0 dagger.
An ogre comes into view. It is wielding a +0 giant club.
You closely miss the orc.
The ogre shouts!
The orc warrior hits you but does no damage.
The orc hits you with a +0 short sword.
Saint Roka roars a battlecry!
The orcs go into a battle-frenzy!
You hear a shout!
You barely miss the orc.
The orc warrior hits you with a +0 battleaxe!
The orc hits you but does no damage. x2
The ogre hits you but does no damage.
The orc warrior hits you with a +0 battleaxe!
You fly upwards.
There is a stone staircase leading down here.
You sock the orc! Okawaru accepts your kill.
The orc explodes!
The fiery explosion engulfs the orc warrior!!
Flame seeps out of the orc warrior.
The orc warrior is severely wounded.
The fiery explosion engulfs you but does no damage.
The fiery explosion engulfs the orc!!
The orc explodes!
The fiery explosion engulfs you!!
The fiery explosion engulfs the ogre!!
Okawaru accepts your kill.
The ogre explodes!
The fiery explosion engulfs you!!
You die...

###.....###......###
#........#.........##
#......####......##.#
#.......##........###
##.....####......##
#.......##......#
##.#§§§......####
###o§§§.....# ##@§§...###
##§§.....###
#####.§§.......######
##..............#.##.##
##...................>.#
#.^................##...
#.......####......#.....
####......## #.............
#.####.....###...)).##.....


You could see an orc warrior (inner flame, strong).

Vanquished Creatures
  Fannar (D:11)
  A two-headed ogre (D:10)
  Urug (D:10)
  Nergalle (Orc:1)
  An ugly thing (D:11)
  2 cyclopes (Orc:1)
  An elephant (Lair:1)
  A manticore (D:11)
  A black mamba (D:9)
  A gargoyle (D:11)
  A rime drake (Lair:1)
  Joseph (D:8)
  2 komodo dragons (D:9)
  Maggie (D:8)
  5 trolls
  3 hornets
  A slime creature (D:6)
  3 wyverns
  3 yaks (D:10)
  4 vampire mosquitoes (D:11)
  A basilisk (D:9)
  A warg (Orc:1)
  An acid dragon (D:10)
  2 water moccasins (Lair:1)
  A swamp drake (D:9)
  9 orc warriors
  2 ice beasts
  4 ogres (Orc:1)
  6 black bears
  7 centaurs
  5 kobold brigands
  A phantom (D:6)
  Blork the orc (D:4)
  4 bullfrogs
  2 gnoll sergeants
  A necrophage (D:6)
  4 water moccasin zombies (Ossuary)
  5 wights (D:8)
  16 killer bees
  2 electric eels
  7 howler monkeys
  5 jellies
  7 orc priests
  4 hounds
  2 iguanas (D:5)
  2 gnoll boudas
  8 orc wizards
  2 mummies (Ossuary)
  Robin (D:2)
  19 gnolls
  7 adders
  A shadow imp (D:6)
  A white imp (D:7)
  2 ufetubi
  6 adder zombies (Ossuary)
  3 dart slugs
  41 orcs
  8 endoplasms
  6 giant cockroaches
  11 goblins
  8 hobgoblins
  3 jackals (D:1)
  3 quokkas
  10 ball pythons
  4 bats
  3 frilled lizards
  A goblin skeleton (D:8)
  5 hobgoblin zombies (Ossuary)
  38 kobolds
  4 kobold zombies (Ossuary)
  3 orc zombies (Ossuary)
  5 rats
340 creatures vanquished.

Vanquished Creatures (collateral kills)
  A black bear (D:5)
  A phantom (D:5)
  3 scorpions (D:5)
  An adder (D:5)
  An orc (D:5)
7 creatures vanquished.

Vanquished Creatures (others)
  14 fungi
  2 plants (Lair:1)
  5 toadstools (D:6)
21 creatures vanquished.

Grand Total: 368 creatures vanquished

Notes
Turn   | Place    | Note
-------+----------+-------------------------------------------
     0 | D:1      | stormannn the Gargoyle Fighter began the quest for the Orb.
     0 | D:1      | Reached XP level 1. HP: 14/14 MP: 1/1
   218 | D:1      | Reached XP level 2. HP: 9/19 MP: 2/2
   711 | D:1      | Found a faded altar of an unknown god.
  1029 | D:1      | Reached skill level 3 in Maces & Flails
  1247 | D:2      | Reached XP level 3. HP: 19/24 MP: 3/3
  1619 | D:2      | Reached XP level 4. HP: 18/29 MP: 4/4
  1788 | D:2      | Identified the +2 robe "Jatwef" {Rampage *Corrode Dex+2}
  1949 | D:2      | Noticed Robin
  1969 | D:2      | Reached skill level 4 in Maces & Flails
  1978 | D:2      | Killed Robin
  2290 | D:2      | Reached XP level 5. HP: 23/34 MP: 5/5
  3357 | D:4      | Noticed Blork the orc
  3361 | D:4      | Killed Blork the orc
  3362 | D:4      | Reached skill level 5 in Maces & Flails
  3362 | D:4      | Reached XP level 6. HP: 40/40 MP: 6/6
  3362 | D:4      | Noticed a black bear
  3367 | D:4      | Killed a black bear
  3368 | D:4      | Reached skill level 5 in Fighting
  3761 | D:4      | Identified the +1 robe of Otoned {Will+}
  3789 | D:4      | Found a sparkling altar of Nemelex Xobeh.
  4138 | D:5      | Entered Level 5 of the Dungeon
  4138 | D:5      | Noticed a black bear
  4148 | D:5      | Killed a black bear
  4149 | D:5      | Reached skill level 6 in Maces & Flails
  4149 | D:5      | Reached XP level 7. HP: 30/44 MP: 7/7
  4176 | D:5      | Reached skill level 7 in Maces & Flails
  4192 | D:5      | Reached XP level 8. HP: 50/52 MP: 8/8
  4246 | D:5      | Found an iron altar of Okawaru.
  4312 | D:5      | Became a worshipper of Warmaster Okawaru
  4362 | D:5      | Found a white marble altar of Elyvilon.
  4390 | D:5      | Found a staircase to the Ecumenical Temple.
  4586 | D:5      | Reached skill level 8 in Maces & Flails
  5298 | D:6      | Reached * piety under Okawaru
  5631 | D:6      | Found Anguhem's Assorted Antiques.
  5704 | D:6      | Reached XP level 9. HP: 25/57 MP: 9/9
  5928 | D:6      | Reached skill level 9 in Maces & Flails
  6227 | D:6      | Reached ** piety under Okawaru
  6538 | D:6      | Reached skill level 5 in Shields
  6563 | D:6      | Reached skill level 5 in Armour
  6563 | D:6      | Reached skill level 1 in Invocations
  7019 | D:7      | Found a sand-covered staircase.
  7026 | Ossuary  | Entered an ossuary
  7529 | D:7      | Reached *** piety under Okawaru
  7678 | D:7      | Found a runed translucent door.
  7684 | D:7      | Noticed Midpoint's ghost (novice OpAE)
  8255 | D:7      | Reached skill level 10 in Maces & Flails
  8278 | D:7      | Reached XP level 10. HP: 56/64 MP: 12/12
  8320 | D:7      | Found a broken altar of Ashenzari.
  8461 | D:7      | Found a glowing silver altar of Zin.
  8781 | D:8      | Found a transporter.
  8946 | D:8      | Noticed an ice statue
  9060 | D:8      | Noticed hawla's ghost (novice MeIE)
  9142 | D:8      | Found a runed translucent door.
  9290 | D:8      | Found a transporter.
  9975 | D:8      | Noticed Maggie
 10004 | D:8      | Killed Maggie
 10387 | D:8      | Noticed Joseph
 10418 | D:8      | Killed Joseph
 10748 | D:8      | Found a basalt altar of Yredelemnul.
 10836 | D:9      | Reached **** piety under Okawaru
 11464 | D:9      | Reached skill level 11 in Maces & Flails
 12083 | D:9      | Reached ***** piety under Okawaru
 12084 | D:9      | Reached skill level 5 in Invocations
 12147 | D:9      | Found a staircase to the Lair.
 12169 | D:9      | Reached XP level 11. HP: 46/71 MP: 14/14
 12979 | Lair:1   | Entered Level 1 of the Lair of Beasts
 13644 | Lair:1   | Noticed an eight-headed hydra
 13720 | D:9      | Received a gift from Okawaru
 14037 | D:10     | Entered Level 10 of the Dungeon
 14050 | D:10     | Noticed a two-headed ogre
 14064 | D:10     | Killed a two-headed ogre
 14594 | D:10     | Found a shadowy altar of Dithmenos.
 14716 | D:10     | Noticed Urug
 14727 | D:10     | Killed Urug
 16037 | D:11     | Found a staircase to the Orcish Mines.
 16124 | D:11     | Reached skill level 12 in Maces & Flails
 16126 | D:11     | Noticed Fannar
 16144 | D:11     | Killed Fannar
 16429 | D:11     | Noticed a manticore
 16441 | D:11     | Killed a manticore
 16549 | D:11     | Identified a scroll of acquirement
 16549 | D:11     | Acquired the ring of the Distant Future {Fly Dex+3}
 16574 | D:11     | Reached skill level 10 in Fighting
 16574 | D:11     | Reached XP level 12. HP: 74/77 MP: 15/18
 16762 | D:11     | Received a gift from Okawaru
 17153 | Orc:1    | Entered Level 1 of the Orcish Mines
 17277 | Orc:1    | Noticed Nergalle
 17289 | Orc:1    | Killed Nergalle
 17594 | Orc:1    | Found a burning altar of Makhleb.
 17634 | Orc:1    | Reached skill level 13 in Maces & Flails
 18047 | Orc:2    | Entered Level 2 of the Orcish Mines
 18047 | Orc:2    | Noticed Saint Roka
 18047 | Orc:2    | Found a transporter.
 18054 | Orc:1    | Killed by an exploding ogre... ignited by their inner flame

Illustrated notes

Levels and vault maps discovered:
D:1:      psy_arrival_conway, layout_basic,
          shapermc_ecumenical_altar_mp_ritualfount
D:2:      minmay_door_path, layout_rooms, grunt_ministairs_12, uniq_robin
D:3:      kb_forest_paths, layout_loops_cross
D:4:      layout_loops_ring, lemuel_doored_altar, nrook_mini_backslash,
          uniq_blork_the_orc
D:5:      layout_cave_pools, mainiacjoe_overflow_paths, elyvilon_altar_3,
          minmay_temple_entry_junction
D:6:      cheibrodos_fertilizer, layout_cave_pods, serial_shops, shop
D:7:      layout_loops_ring, nicolae_overflow_squiral,
          ebering_ghost_reflecting_pool, enter_ossuary_1, dreamdust_gnoll_farm
D:8:      layout_basic, dk_yredelemnul_ordeal, nzn_ghost_randoct, serial_curves,
          eino_curves_04, eino_curves_01, eino_curves_02,
          nicolae_concentric_dashed_squares_mild, lemuel_flamethrower_2,
          uniq_joseph, uniq_maggie
D:9:      layout_long_grid, erik_lair_dragon
D:10:     layout_basic, amcnicky_altar_gilded, water_maze_lemuel, uniq_urug
D:11:     layout_rooms, minmay_orc_entry_temple_small, uniq_fannar
Lair:1:   layout_layer_cave, gammafunk_ghost_necromancy,
          infiniplex_staircase_pool
Orc:1:    layout_diamond_mine, basic_altar, uniq_nergalle
Orc:2:    st_orc_ogre_mass, layout_caves, gammafunk_ghost_wrathful_warriors,
          dreamdust_deal_with_the_devil, uniq_saint_roka, uniq_donald

Skill      XL: |  1  2  3  4  5  6  7  8  9 10 11 12 |
---------------+-------------------------------------+-----
Maces & Flails | 3 4 5 6 7 8 10 11 12 13 | 13.1
Fighting       | 4 5 6 7 8 9 10 | 10.5
Armour         | 4 5 7 8 9 |  9.0
Shields        | 4 5 7 |  7.5
Invocations    | 2 5 8 |  8.0

Action                   |  1- 3 |  4- 6 |  7- 9 | 10-12 || total
-------------------------+-------+-------+-------+-------++-------
Melee: Flail             |   113 |   169 |   108 |       ||   390
       Whip              |       |       |   411 |   524 ||   935
       Great mace        |       |       |       |   312 ||   312
Throw: Dart              |       |       |     9 |       ||     9
       Throwing net      |       |       |     2 |       ||     2
Invok: Heroism           |       |       |       |    12 ||    12
Evoke: Wand              |       |       |       |     6 ||     6
  Use: Scroll            |     5 |     6 |     5 |    13 ||    29
       Potion            |       |     2 |     3 |     4 ||     9
 Stab: Paralysed         |       |       |       |     8 ||     8
Armor: Scale mail        |    73 |    97 |   242 |    51 ||   463
       Acid dragon scale |       |       |       |   196 ||   196
       Crystal plate arm |       |       |       |   136 ||   136
Dodge: Dodged            |    67 |    73 |   182 |   252 ||   574
Block: Buckler           |    35 |    26 |    83 |    92 ||   236
